BSA
SPRINGFIELD STARS @ GREENVILLE 84S
06/20/2026
 
TOP OF THE 1ST
Springfield Stars batting - Pitching for Greenville 84s : RHP Hiroshige Yamada
Pitching: RHP Hiroshige Yamada
Batting: RHB Juan Rodríguez 0-0: Ball
1-0: Ground out 4-3 (Groundball, 4M)
Batting: RHB Calvin Bennett 0-0: Foul Ball, location: 2F
0-1: Swinging Strike
0-2: Fly out, F8 (Flyball, 8RD)
Batting: LHB Felipe Guerrero 0-0: Ball
1-0: Called Strike
1-1: Ball
2-1: Foul Ball, location: 2F
2-2: Foul Ball, location: 2F
2-2: Strikes out swinging
Top of the 1st over - 0 run(s), 0 hit(s), 0 error(s), 0 left on base; Springfield 0 - Greenville 0
BOTTOM OF THE 1ST
Greenville 84s batting - Pitching for Springfield Stars : LHP Brock Morris
Pitching: LHP Brock Morris
Batting: RHB Carlos Torres 0-0: Ball
1-0: Called Strike
1-1: Ball
2-1: Ball
3-1: Called Strike
3-2: Ground out 6-3 (Groundball, 6M)
Batting: LHB Jimmy Vickers 0-0: Ball
1-0: Foul Ball, location: 2F
1-1: Ball
2-1: Foul Ball, location: 2F
2-2: Strikes out swinging
Batting: RHB Enzo Díaz 0-0: Ball
1-0: Ball
2-0: Ball
3-0: Called Strike
3-1: Swinging Strike
3-2: Base on Balls
Batting: LHB Brock Larsen 0-0: Ball
Enzo Díaz is caught stealing 2nd base
Bottom of the 1st over - 0 run(s), 0 hit(s), 0 error(s), 0 left on base; Springfield 0 - Greenville 0
TOP OF THE 2ND
Springfield Stars batting - Pitching for Greenville 84s : RHP Hiroshige Yamada
Batting: LHB Elliott Newell 0-0: Called Strike
0-1: Ball
1-1: DOUBLE (Line Drive, 78M)
Batting: RHB Juan Carlos Rodríguez 0-0: Ball
1-0: Fly out, F7 (Line Drive, 78M)
Batting: SHB Martín Medina 0-0: SINGLE (Groundball, 4M)
Elliott Newell to third
Runner from 3rd tries for Home, SAFE, no throw or cutoff
Batting: SHB David García 0-0: Ball
Martín Medina steals 2nd base
1-0: Ball
2-0: Called Strike
2-1: Called Strike
2-2: Ball
3-2: Strikes out swinging
Batting: RHB Will Sterling 0-0: Called Strike
0-1: Ball
1-1: Ball
2-1: Ball
3-1: Called Strike
3-2: SINGLE (Groundball, 6MD)
Martín Medina to third
Martín Medina scores
Batting: LHB Jesús Tobías 0-0: Ball
1-0: Swinging Strike
1-1: Foul Ball, location: 2F
1-2: Ball
2-2: Ball
3-2: Base on Balls
Will Sterling to second
Batting: RHB Juan Rodríguez 0-0: Ball
1-0: 3-RUN HOME RUN (Line Drive, 7D), Distance : 357 ft
Batting: RHB Calvin Bennett 0-0: Ground out 1-3 (Groundball, 15S)
Top of the 2nd over - 5 run(s), 4 hit(s), 0 error(s), 0 left on base; Springfield 5 - Greenville 0
BOTTOM OF THE 2ND
Greenville 84s batting - Pitching for Springfield Stars : LHP Brock Morris
Batting: LHB Brock Larsen 0-0: Ground out 4-3 (Groundball, 34D)
Batting: RHB Vic Langlois 0-0: Ball
1-0: Foul Ball, location: 2F
1-1: Ball
2-1: Called Strike
2-2: Foul Ball, location: 2F
2-2: Strikes out swinging
Batting: LHB Kiyonaga Morita 0-0: Ball
1-0: Fly out, F5 (Popup, 56)
Bottom of the 2nd over - 0 run(s), 0 hit(s), 0 error(s), 0 left on base; Springfield 5 - Greenville 0
TOP OF THE 3RD
Springfield Stars batting - Pitching for Greenville 84s : RHP Hiroshige Yamada
Batting: LHB Felipe Guerrero 0-0: Ball
1-0: Ball
2-0: Ground out U3 (Groundball, 3S)
Batting: LHB Elliott Newell 0-0: Ball
1-0: Swinging Strike
1-1: Ground out 2-3 (Groundball, 2R)
Batting: RHB Juan Carlos Rodríguez 0-0: Foul Ball, location: 2F
0-1: Called Strike
0-2: Strikes out looking
Top of the 3rd over - 0 run(s), 0 hit(s), 0 error(s), 0 left on base; Springfield 5 - Greenville 0
BOTTOM OF THE 3RD
Greenville 84s batting - Pitching for Springfield Stars : LHP Brock Morris
Batting: SHB Gilberto Guzmán 0-0: Ball
1-0: Bunt missed!
1-1: Ground out 5-3 (Groundball, 5L)
Batting: RHB Felipe Rodríguez 0-0: Ball
1-0: SINGLE (Line Drive, 56D)
Batting: RHB Jorge Cisneros 0-0: Called Strike
0-1: Ball
1-1: Ground out 3-1 (Groundball, 34S)
Felipe Rodríguez to second
Batting: RHB Carlos Torres 0-0: Foul Ball, location: 2F
0-1: Foul Ball, location: 2F
0-2: Ball
1-2: Foul Ball, location: 2F
1-2: Ball
2-2: Foul Ball, location: 2F
2-2: 2-RUN HOME RUN (Flyball, 7D), Distance : 374 ft
Batting: LHB Jimmy Vickers 0-0: Ball
1-0: Ball
2-0: Foul Ball, location: 2F
2-1: SINGLE (Groundball, 6MD)
Batting: RHB Enzo Díaz 0-0: 2-RUN HOME RUN (Line Drive, 8LXD), Distance : 448 ft
Batting: LHB Brock Larsen 0-0: SOLO HOME RUN (Flyball, 78D), Distance : 376 ft
Batting: RHB Vic Langlois 0-0: Foul Ball, location: 2F
0-1: Ground out 5-3 (Groundball, 56)
Bottom of the 3rd over - 5 run(s), 5 hit(s), 0 error(s), 0 left on base; Springfield 5 - Greenville 5
TOP OF THE 4TH
Springfield Stars batting - Pitching for Greenville 84s : RHP Hiroshige Yamada
Batting: SHB Martín Medina 0-0: Fly out, F8 (Flyball, 8LS)
Batting: SHB David García 0-0: Ground out 6-3 (Groundball, 6M)
Batting: RHB Will Sterling 0-0: Ball
1-0: Ball
2-0: Called Strike
2-1: Called Strike
2-2: Ball
3-2: Base on Balls
Batting: LHB Jesús Tobías Pickoff Throw to First - Out!
Top of the 4th over - 0 run(s), 0 hit(s), 0 error(s), 0 left on base; Springfield 5 - Greenville 5
BOTTOM OF THE 4TH
Greenville 84s batting - Pitching for Springfield Stars : LHP Brock Morris
Batting: LHB Kiyonaga Morita 0-0: Called Strike
0-1: Fly out, F8 (Flyball, 8LD)
Batting: SHB Gilberto Guzmán 0-0: Swinging Strike
0-1: Swinging Strike
0-2: Foul Ball, location: 2F
0-2: SINGLE (Groundball, 56D)
Batting: RHB Felipe Rodríguez 0-0: Called Strike
0-1: Foul Ball, location: 2F
0-2: Ball
1-2: Ball
Wild Pitch!
Gilberto Guzmán to second
2-2: Foul Ball, location: 2F
2-2: 2-RUN HOME RUN (Flyball, 7D), Distance : 367 ft
Batting: RHB Jorge Cisneros 0-0: Swinging Strike
0-1: Called Strike
0-2: Ball
1-2: Ball
2-2: Foul Ball, location: 2F
2-2: Ground out 1-3 (Groundball, 15S)
Batting: RHB Carlos Torres 0-0: Foul Ball, location: 2F
0-1: Ball
1-1: Ball
2-1: Foul Ball, location: 2F
2-2: Ground out 6-3 (Groundball, 6)
Bottom of the 4th over - 2 run(s), 2 hit(s), 0 error(s), 0 left on base; Springfield 5 - Greenville 7
TOP OF THE 5TH
Springfield Stars batting - Pitching for Greenville 84s : RHP Hiroshige Yamada
Batting: LHB Jesús Tobías 0-0: Ground out 5-3 (Groundball, 5S)
Batting: RHB Juan Rodríguez 0-0: Ball
1-0: SINGLE (Line Drive, 7LS)
Batting: RHB Calvin Bennett 0-0: Called Strike
0-1: Ball
1-1: SINGLE (Flyball, 7S)
Juan Rodríguez to second
Batting: LHB Felipe Guerrero 0-0: Foul Ball, location: 2F
0-1: Foul Ball, location: 2F
0-2: Ball
1-2: Foul Ball, location: 2F
1-2: Ball
2-2: Foul Ball, location: 2F
2-2: Fielders Choice at 2nd, 3-6 (Groundball, 34)
Juan Rodríguez to third
Batting: LHB Elliott Newell 0-0: Ball
1-0: Ball
2-0: Foul Ball, location: 2F
2-1: Ball
3-1: Called Strike
3-2: Foul Ball, location: 2F
3-2: Base on Balls
Felipe Guerrero to second
Batting: RHB Juan Carlos Rodríguez 0-0: Ball
1-0: Called Strike
1-1: Ball
2-1: Ball
Wild Pitch!
Juan Rodríguez scores
Felipe Guerrero to third
Elliott Newell to second
3-1: Fly out, F9 (Flyball, 89D)
Top of the 5th over - 1 run(s), 2 hit(s), 0 error(s), 2 left on base; Springfield 6 - Greenville 7
BOTTOM OF THE 5TH
Greenville 84s batting - Pitching for Springfield Stars : LHP Brock Morris
Batting: LHB Jimmy Vickers 0-0: Ground out 4-3 (Groundball, 34)
Batting: RHB Enzo Díaz 0-0: Foul Ball, location: 2F
0-1: Swinging Strike
0-2: Ball
1-2: Foul Ball, location: 2F
1-2: Ball
2-2: Ball
3-2: Foul Ball, location: 2F
3-2: Ground out 6-3 (Groundball, 6)
Batting: LHB Brock Larsen 0-0: Foul Ball, location: 2F
0-1: Called Strike
0-2: Ball
1-2: Foul Ball, location: 2F
1-2: Foul Ball, location: 2F
1-2: Ball
2-2: Ball
3-2: SINGLE (Line Drive, 56D)
Pitching: RHP Dong-hyun Kim
Batting: RHB Vic Langlois 0-0: Called Strike
0-1: Ground out 5-3 (Groundball, 56)
Bottom of the 5th over - 0 run(s), 1 hit(s), 0 error(s), 1 left on base; Springfield 6 - Greenville 7
TOP OF THE 6TH
Springfield Stars batting - Pitching for Greenville 84s : RHP Hiroshige Yamada
Batting: SHB Martín Medina 0-0: Fly out, F9 (Flyball, 9D)
Batting: SHB David García 0-0: Ball
1-0: Fly out, F7 (Flyball, 7M)
Batting: RHB Will Sterling 0-0: Ball
1-0: Foul Ball, location: 2F
1-1: Called Strike
1-2: Ball
2-2: Strikes out swinging
Top of the 6th over - 0 run(s), 0 hit(s), 0 error(s), 0 left on base; Springfield 6 - Greenville 7
BOTTOM OF THE 6TH
Greenville 84s batting - Pitching for Springfield Stars : RHP Dong-hyun Kim
Batting: LHB Kiyonaga Morita 0-0: Ball
1-0: Foul Ball, location: 2F
1-1: Ball
2-1: Ball
3-1: Called Strike
3-2: Base on Balls
Batting: SHB Gilberto Guzmán 0-0: Ball
1-0: Foul Ball, location: 2F
1-1: Called Strike
1-2: Strikes out looking
Batting: RHB Felipe Rodríguez 0-0: Fielders Choice at 2nd, 3-6 (Groundball, 34)
Batting: RHB Jorge Cisneros 0-0: Called Strike
0-1: Ground out 5-3 (Groundball, 5)
Bottom of the 6th over - 0 run(s), 0 hit(s), 0 error(s), 1 left on base; Springfield 6 - Greenville 7
TOP OF THE 7TH
Springfield Stars batting - Pitching for Greenville 84s : RHP Hiroshige Yamada
Batting: LHB Jesús Tobías 0-0: Ball
1-0: Swinging Strike
1-1: Fly out, F9 (Flyball, 9LM)
Batting: RHB Juan Rodríguez 0-0: Called Strike
0-1: Called Strike
0-2: Ball
1-2: SINGLE (Groundball, 4MD)
Batting: RHB Calvin Bennett 0-0: Ball
1-0: Ball
2-0: Ball
3-0: Called Strike
3-1: Base on Balls
Juan Rodríguez to second
Pitching: RHP Ángel Lara
Batting: LHB Felipe Guerrero 0-0: Ball
1-0: Grounds out, U3 (Groundball, 3L)
Juan Rodríguez to third
Batting: LHB Elliott Newell 0-0: Ball
1-0: Ball
2-0: Ball
3-0: Base on Balls
Batting: RHB Juan Carlos Rodríguez 0-0: Ground out 6-3 (Groundball, 6)
Top of the 7th over - 0 run(s), 1 hit(s), 0 error(s), 3 left on base; Springfield 6 - Greenville 7
BOTTOM OF THE 7TH
Greenville 84s batting - Pitching for Springfield Stars : RHP Dong-hyun Kim
Batting: RHB Carlos Torres 0-0: Called Strike
0-1: Ball
1-1: Ball
2-1: Foul Ball, location: 2F
2-2: Ball
3-2: Base on Balls
Batting: LHB Jimmy Vickers 0-0: Ball
1-0: Called Strike
Carlos Torres steals 2nd base
1-1: Swinging Strike
1-2: Ball
2-2: SINGLE (Groundball, 56D)
Carlos Torres to third
Runner from 3rd tries for Home, SAFE, no throw or cutoff
Batting: RHB Enzo Díaz 0-0: Swinging Strike
0-1: Called Strike
0-2: Ball
1-2: Strikes out swinging
Batting: LHB Brock Larsen 0-0: Ball
1-0: Ball
2-0: Ball
3-0: Base on Balls
Jimmy Vickers to second
Batting: RHB Vic Langlois 0-0: Ball
1-0: Fly out, F8 (Flyball, 8LS)
Batting: LHB Kiyonaga Morita 0-0: Foul Ball, location: 2F
0-1: Reached on error, E6 (Groundball, 6)
Jimmy Vickers to third
Brock Larsen to second
Batting: SHB Gilberto Guzmán 0-0: Ball
1-0: Ball
2-0: Called Strike
2-1: Foul Ball, location: 2F
2-2: Strikes out swinging
Bottom of the 7th over - 1 run(s), 1 hit(s), 1 error(s), 3 left on base; Springfield 6 - Greenville 8
TOP OF THE 8TH
Springfield Stars batting - Pitching for Greenville 84s : RHP Ángel Lara
Batting: SHB Martín Medina 0-0: Called Strike
0-1: Ground out 5-3 (Groundball, 56)
Batting: SHB David García 0-0: Called Strike
0-1: Foul Ball, location: 2F
0-2: Strikes out swinging
Batting: RHB Will Sterling 0-0: Ball
1-0: Called Strike
1-1: Ball
2-1: Ball
3-1: DOUBLE (Line Drive, 5L)
Pitching: LHP Manuel Herrera
Batting: LHB Jesús Tobías 0-0: Called Strike
0-1: Ball
1-1: Foul Ball, location: 2F
1-2: Strikes out swinging
Top of the 8th over - 0 run(s), 1 hit(s), 0 error(s), 1 left on base; Springfield 6 - Greenville 8
BOTTOM OF THE 8TH
Greenville 84s batting - Pitching for Springfield Stars : RHP Dong-hyun Kim
Pitching: RHP Jorge Delgado
Batting: RHB Felipe Rodríguez 0-0: Ball
1-0: Called Strike
1-1: SINGLE (Groundball, 6MD)
Batting: RHB Jorge Cisneros 0-0: Ball
1-0: Ball
2-0: Called Strike
2-1: DOUBLE (Line Drive, 89S)
Felipe Rodríguez to third
Batting: RHB Carlos Torres 0-0: Ball
1-0: Called Strike
1-1: Swinging Strike
1-2: Fly out, F6 (Line Drive, 56)
Batting: LHB Jimmy Vickers 0-0: Ball
1-0: Swinging Strike
1-1: Foul Ball, location: 2F
1-2: Ball
2-2: Ball
3-2: Foul Ball, location: 2F
3-2: Strikes out swinging
Batting: RHB Enzo Díaz 0-0: Ball
1-0: Ball
2-0: Called Strike
2-1: Foul Ball, location: 2F
2-2: Foul Ball, location: 2F
2-2: Ball
3-2: Ground out U3 (Groundball, 3F)
Bottom of the 8th over - 0 run(s), 2 hit(s), 0 error(s), 2 left on base; Springfield 6 - Greenville 8
TOP OF THE 9TH
Springfield Stars batting - Pitching for Greenville 84s : LHP Manuel Herrera
Pitching: LHP Francisco Ríos
Batting: RHB Juan Rodríguez 0-0: Called Strike
0-1: Ball
1-1: Called Strike
1-2: Strikes out swinging
Batting: RHB Calvin Bennett 0-0: Called Strike
0-1: Ball
1-1: Fly out, F4 (Popup, 34D)
Batting: LHB Felipe Guerrero 0-0: Called Strike
0-1: Ball
1-1: Foul Ball, location: 2F
1-2: Strikes out swinging
Top of the 9th over - 0 run(s), 0 hit(s), 0 error(s), 0 left on base; Springfield 6 - Greenville 8
Monday, December 5th, 2016 - OOTP Baseball 17.12 Build 75